TOP OF THE 1ST |
Texas Rangers batting - Pitching for California Angels : RHP Erick Vazquez
|
Pitching: RHP Erick Vazquez
|
|
Batting: RHB Blake Ballard
|
0-0: Ball 1-0: Ground out 4-3 (Groundball, 4M, EV 85.0 MPH)
|
Batting: RHB Butch Kaiser
|
0-0: Ball 1-0: Ball 2-0: Called Strike 2-1: Ball 3-1: Called Strike 3-2: Base on Balls
|
Batting: SHB Vince Ealy
|
0-0: Ball Butch Kaiser is caught stealing 2nd base 2-6 1-0: Foul Ball, location: 2F 1-1: Foul Ball, location: 2F 1-2: Foul Ball, location: 2F 1-2: Foul Ball, location: 2F 1-2: SINGLE (Groundball, 6MD, EV 110.6 MPH)
|
Batting: RHB Ray Llewellyn
|
0-0: Foul Ball, location: 2F 0-1: Foul Ball, location: 2F 0-2: Ground out 2-3 (Groundball, 15S, EV 67.5 MPH)
|
Top of the 1st over - 0 runs, 1 hit, 0 errors, 1 left on base; Texas 0 - California 0 |
BOTTOM OF THE 1ST |
California Angels batting - Pitching for Texas Rangers : RHP Kevin Ovens-Toots
|
Pitching: RHP Kevin Ovens-Toots
|
|
Batting: RHB Nick Dunn
|
0-0: Called Strike 0-1: Foul Ball, location: 2F 0-2: Strikes out swinging
|
Batting: RHB Luis Romero
|
0-0: Ball 1-0: Called Strike 1-1: SINGLE (Line Drive, 56D, EV 99.4 MPH)
|
Batting: RHB Preston Deakyne
|
0-0: Called Strike 0-1: Ball 1-1: Grounds into double play, 6-4-3 (Groundball, 6, EV 88.1 MPH)
|
Bottom of the 1st over - 0 runs, 1 hit, 0 errors, 0 left on base; Texas 0 - California 0 |
TOP OF THE 2ND |
Texas Rangers batting - Pitching for California Angels : RHP Erick Vazquez
|
Batting: LHB Josh Stuck
|
0-0: Ground out 1-3 (Groundball, 15S, EV 68.8 MPH)
|
Batting: RHB Andres Mendiola
|
0-0: Called Strike 0-1: Ball 1-1: Called Strike 1-2: Ball 2-2: Foul Ball, location: 2F 2-2: Ground out 5-3 (Groundball, 56S, EV 85.6 MPH)
|
Batting: LHB Zion Davidson
|
0-0: Ball 1-0: Called Strike 1-1: Ball 2-1: Foul Ball, location: 2F 2-2: Foul Ball, location: 2F 2-2: Ball 3-2: Foul Ball, location: 2F 3-2: Ground out U3 (Groundball, 3, EV 88.8 MPH)
|
Top of the 2nd over - 0 runs, 0 hits, 0 errors, 0 left on base; Texas 0 - California 0 |
BOTTOM OF THE 2ND |
California Angels batting - Pitching for Texas Rangers : RHP Kevin Ovens-Toots
|
Batting: LHB Rusty Ney
|
0-0: Ground out 4-3 (Groundball, 34, EV 81.9 MPH)
|
Batting: RHB Alain Delhaye
|
0-0: Ball 1-0: Foul Ball, location: 2F 1-1: DOUBLE (Line Drive, 5D, EV 98.1 MPH)
|
Batting: LHB Javier Trujillo
|
0-0: Called Strike 0-1: Swinging Strike 0-2: Strikes out swinging
|
Batting: RHB Mike Harkins
|
0-0: Foul Ball, location: 2F 0-1: DOUBLE (Line Drive, 78XD, EV 106.9 MPH) Alain Delhaye scores
|
Batting: RHB Avery Maxwell
|
0-0: Ball 1-0: Ground out 6-3 (Groundball, 6, EV 86.2 MPH)
|
Bottom of the 2nd over - 1 run, 2 hits, 0 errors, 1 left on base; Texas 0 - California 1 |
TOP OF THE 3RD |
Texas Rangers batting - Pitching for California Angels : RHP Erick Vazquez
|
Batting: RHB Danny Heyer
|
0-0: Ball 1-0: Foul Ball, location: 2F 1-1: Ball 2-1: Foul Ball, location: 2F 2-2: Foul Ball, location: 2F 2-2: Ball 3-2: Foul Ball, location: 2F 3-2: Foul Ball, location: 2F 3-2: Fly out, F9 (Flyball, 89M, EV 90.6 MPH)
|
Batting: RHB Martin Guerrero
|
0-0: Ball 1-0: Ball 2-0: Ball 3-0: Base on Balls
|
Pitching: RHP Dave Jackson
|
|
Batting: RHB Blake Ballard
|
0-0: Foul Ball, location: 2F 0-1: Swinging Strike 0-2: DOUBLE (Line Drive, 3D, EV 99.4 MPH) Martin Guerrero to third Runner from 3rd tries for Home, SAFE, throw by RF to trailing runner, SAFE at third!
|
Batting: RHB Butch Kaiser
|
0-0: Foul Ball, location: 2F 0-1: Ground out 4-3 (Groundball, 4, EV 89.4 MPH) Blake Ballard scores
|
Batting: SHB Vince Ealy
|
0-0: Foul Ball, location: 2F 0-1: Ball 1-1: Called Strike 1-2: Foul Ball, location: 2F 1-2: Foul Ball, location: 2F 1-2: Foul Ball, location: 2F 1-2: Strikes out looking
|
Top of the 3rd over - 2 runs, 1 hit, 0 errors, 0 left on base; Texas 2 - California 1 |
BOTTOM OF THE 3RD |
California Angels batting - Pitching for Texas Rangers : RHP Kevin Ovens-Toots
|
Batting: RHB Juan Martinez
|
0-0: Called Strike 0-1: Ball 1-1: Ground out 5-3 (Groundball, 56S, EV 65.0 MPH)
|
Batting: RHB Nick Dunn
|
0-0: Fly out, F9 (Flyball, 9D, EV 92.5 MPH)
|
Batting: RHB Luis Romero
|
0-0: Called Strike 0-1: Ball 1-1: Fly out, F8 (Flyball, 8RM, EV 81.2 MPH)
|
Bottom of the 3rd over - 0 runs, 0 hits, 0 errors, 0 left on base; Texas 2 - California 1 |
TOP OF THE 4TH |
Texas Rangers batting - Pitching for California Angels : RHP Dave Jackson
|
Pitching: RHP Nick Madrid
|
|
Batting: RHB Ray Llewellyn
|
0-0: Called Strike 0-1: Ball 1-1: Ball 2-1: Swinging Strike 2-2: Foul Ball, location: 2F 2-2: Foul Ball, location: 2F 2-2: Strikes out swinging
|
Batting: LHB Josh Stuck
|
0-0: Ball 1-0: Ground out 5-3 (Groundball, 5, EV 86.2 MPH)
|
Batting: RHB Andres Mendiola
|
0-0: Hit by Pitch
|
Batting: LHB Zion Davidson
|
0-0: Ball 1-0: Called Strike 1-1: DOUBLE (Flyball, 8LXD, EV 101.9 MPH) Andres Mendiola to third Runner from 3rd tries for Home, SAFE, throw by CF to trailing runner, SAFE at third!
|
Batting: RHB Danny Heyer
|
0-0: Ball 1-0: Foul Ball, location: 2F 1-1: Ball 2-1: 2-RUN HOME RUN (Flyball, 7LD, EV 95.0 MPH), Distance : 363 ft
|
Pitching: RHP George Rosario
|
|
Batting: RHB Martin Guerrero
|
0-0: Called Strike 0-1: Ball 1-1: Fly out, F9 (Flyball, 89M, EV 78.1 MPH)
|
Top of the 4th over - 3 runs, 2 hits, 0 errors, 0 left on base; Texas 5 - California 1 |
BOTTOM OF THE 4TH |
California Angels batting - Pitching for Texas Rangers : RHP Kevin Ovens-Toots
|
Batting: RHB Preston Deakyne
|
0-0: Ball 1-0: Ball 2-0: Swinging Strike 2-1: Ball 3-1: Ground out 6-3 (Groundball, 6, EV 105.0 MPH)
|
Batting: LHB Rusty Ney
|
0-0: Ball 1-0: Called Strike 1-1: Fly out, F7 (Flyball, 7D, EV 91.2 MPH)
|
Batting: RHB Alain Delhaye
|
0-0: Called Strike 0-1: Foul Ball, location: 2F 0-2: Strikes out swinging
|
Bottom of the 4th over - 0 runs, 0 hits, 0 errors, 0 left on base; Texas 5 - California 1 |
TOP OF THE 5TH |
Texas Rangers batting - Pitching for California Angels : RHP George Rosario
|
Now at 1B: Ryuji Ito
|
|
Now at 2B: Jose Ramirez
|
|
Now at 3B: Kinya Nishimura
|
|
Now in LF: Brandon Davis
|
|
Now in RF: Micah Miller
|
|
Batting: RHB Blake Ballard
|
0-0: Swinging Strike 0-1: Swinging Strike 0-2: Strikes out swinging
|
Batting: SHB John Giesbrecht
|
0-0: Ball 1-0: Ball 2-0: Ball 3-0: Called Strike 3-1: Base on Balls
|
Pinch Hitting: RHB Jeremy Boerman
|
0-0: Called Strike 0-1: Foul Ball, location: 2F 0-2: Ball Wild Pitch! John Giesbrecht to second 1-2: Strikes out looking
|
Batting: RHB Ray Llewellyn
|
0-0: Ball 1-0: Ball 2-0: Called Strike 2-1: Ball 3-1: Base on Balls
|
Pinch Hitting: LHB Sean Geisler
|
0-0: Called Strike 0-1: Ball 1-1: 3-RUN HOME RUN (Flyball, 9LD, EV 101.9 MPH), Distance : 385 ft
|
Pinch Hitting: RHB Sean Neuroth
|
0-0: Called Strike 0-1: Ball 1-1: Foul Ball, location: 2F 1-2: Strikes out swinging, 2-3 out at first.
|
Top of the 5th over - 3 runs, 1 hit, 0 errors, 0 left on base; Texas 8 - California 1 |
BOTTOM OF THE 5TH |
California Angels batting - Pitching for Texas Rangers : RHP Kevin Ovens-Toots
|
Pitching: LHP Wayne Perry
|
|
Now at 1B: Sean Geisler
|
|
Now at 2B: Sean Neuroth
|
|
Now at SS: Jeremy Boerman
|
|
Now in LF: Chad Thompson
|
|
Batting: LHB Javier Trujillo
|
0-0: Foul Ball, location: 2F 0-1: Ground out 6-3 (Groundball, 6, EV 106.2 MPH)
|
Batting: RHB Mike Harkins
|
0-0: Ground out 4-3 (Groundball, 4, EV 88.8 MPH)
|
Batting: RHB Avery Maxwell
|
0-0: Ball 1-0: Swinging Strike 1-1: Ball 2-1: Called Strike 2-2: SINGLE (Groundball, 6MS, EV 61.2 MPH) (infield hit)
|
Batting: RHB Juan Martinez
|
0-0: Ball 1-0: Foul Ball, location: 2F 1-1: Foul Ball, location: 2F 1-2: Ball 2-2: Strikes out swinging
|
Bottom of the 5th over - 0 runs, 1 hit, 0 errors, 1 left on base; Texas 8 - California 1 |
TOP OF THE 6TH |
Texas Rangers batting - Pitching for California Angels : RHP George Rosario
|
Now at C: Juan Rosa
|
|
Now at 2B: Ryan Pelletier
|
|
Now at SS: Jose Ramirez
|
|
Batting: RHB Chad Thompson
|
0-0: Called Strike 0-1: Swinging Strike 0-2: Ball 1-2: Foul Ball, location: 2F 1-2: Foul Ball, location: 2F 1-2: Fly out, F7 (Flyball, 78M, EV 93.1 MPH)
|
Pinch Hitting: RHB Tim Adams
|
0-0: Ball 1-0: Ball 2-0: Foul Ball, location: 2F 2-1: Ball 3-1: Foul Ball, location: 2F 3-2: Foul Ball, location: 2F 3-2: Foul Ball, location: 2F 3-2: Foul Ball, location: 2F 3-2: Strikes out swinging
|
Pinch Hitting: RHB Danny Murillo
|
0-0: Ball 1-0: Ball 2-0: Called Strike 2-1: Ground out 5-3 (Groundball, 56, EV 86.2 MPH)
|
Top of the 6th over - 0 runs, 0 hits, 0 errors, 0 left on base; Texas 8 - California 1 |
BOTTOM OF THE 6TH |
California Angels batting - Pitching for Texas Rangers : LHP Wayne Perry
|
Pitching: RHP Isaburo Ishihara
|
|
Now at 3B: Tim Adams
|
|
Now in CF: Danny Murillo
|
|
Batting: LHB Micah Miller
|
0-0: SOLO HOME RUN (Line Drive, 9D, EV 103.1 MPH), Distance : 382 ft
|
Batting: RHB Ryuji Ito
|
0-0: Ball 1-0: Ground out 5-3 (Groundball, 5, EV 81.9 MPH)
|
Batting: RHB Brandon Davis
|
0-0: Swinging Strike 0-1: Ball 1-1: Swinging Strike 1-2: Foul Ball, location: 2F 1-2: Ball 2-2: Strikes out swinging
|
Batting: RHB Jose Ramirez
|
0-0: Ball 1-0: Called Strike 1-1: Ground out 5-3 (Groundball, 56, EV 92.5 MPH)
|
Bottom of the 6th over - 1 run, 1 hit, 0 errors, 0 left on base; Texas 8 - California 2 |
TOP OF THE 7TH |
Texas Rangers batting - Pitching for California Angels : RHP George Rosario
|
Pitching: RHP Angel Marquez
|
|
Pinch Hitting: LHB Andy Bowman
|
0-0: Ball 1-0: Swinging Strike 1-1: Foul Ball, location: 2F 1-2: Strikes out looking
|
Batting: SHB John Giesbrecht
|
0-0: Ball 1-0: Ball 2-0: Ball 3-0: Called Strike 3-1: Called Strike 3-2: Foul Ball, location: 2F 3-2: Base on Balls
|
Batting: RHB Jeremy Boerman
|
0-0: Called Strike 0-1: Grounds into double play, 6-4-3 (Groundball, 6, EV 86.2 MPH)
|
Top of the 7th over - 0 runs, 0 hits, 0 errors, 0 left on base; Texas 8 - California 2 |
BOTTOM OF THE 7TH |
California Angels batting - Pitching for Texas Rangers : RHP Isaburo Ishihara
|
Pitching: RHP Errol Dondale
|
|
Now in RF: Andy Bowman
|
|
Batting: RHB Kinya Nishimura
|
0-0: Ball 1-0: Fly out, F7 (Flyball, 78M, EV 96.2 MPH)
|
Batting: RHB Juan Rosa
|
0-0: Ground out 6-3 (Groundball, 6, EV 103.8 MPH)
|
Batting: RHB Ryan Munro
|
0-0: Called Strike 0-1: Foul Ball, location: 2F 0-2: Ball 1-2: Foul Ball, location: 2F 1-2: Ball 2-2: Foul Ball, location: 2F 2-2: Strikes out swinging
|
Bottom of the 7th over - 0 runs, 0 hits, 0 errors, 0 left on base; Texas 8 - California 2 |
TOP OF THE 8TH |
Texas Rangers batting - Pitching for California Angels : RHP Angel Marquez
|
Pitching: RHP Austin Maki
|
|
Batting: RHB Ray Llewellyn
|
0-0: DOUBLE (Flyball, 89D, EV 93.1 MPH)
|
Batting: LHB Sean Geisler
|
0-0: Called Strike 0-1: Called Strike 0-2: Strikes out swinging passed ball, reaches first! Ray Llewellyn to third
|
Batting: RHB Sean Neuroth
|
0-0: Ball Sean Geisler steals 2nd base (no throw) 1-0: Swinging Strike 1-1: Swinging Strike 1-2: Ball Passed Ball! Ray Llewellyn scores Sean Geisler to third 2-2: Foul Ball, location: 2F 2-2: Strikes out looking
|
Batting: RHB Chad Thompson
|
0-0: Ball 1-0: TRIPLE (Flyball, 8RXD, EV 89.4 MPH) Sean Geisler scores
|
Batting: RHB Tim Adams
|
0-0: Ball 1-0: Ground out 5-3 (Groundball, 56, EV 86.9 MPH) Chad Thompson scores
|
Batting: RHB Danny Murillo
|
0-0: Called Strike 0-1: Swinging Strike 0-2: Ball 1-2: Strikes out swinging
|
Top of the 8th over - 3 runs, 2 hits, 0 errors, 0 left on base; Texas 11 - California 2 |
BOTTOM OF THE 8TH |
California Angels batting - Pitching for Texas Rangers : RHP Errol Dondale
|
Batting: RHB Ryan Pelletier
|
0-0: Ball 1-0: Called Strike 1-1: Fly out, F8 (Line Drive, 8LM, EV 96.2 MPH)
|
Pinch Hitting: RHB Bjoern Waltersson
|
0-0: SINGLE (Line Drive, 8RS, EV 107.5 MPH)
|
Batting: LHB Micah Miller
|
0-0: Ball 1-0: Foul Ball, location: 2F 1-1: Ground out 6-3 (Groundball, 6S, EV 68.8 MPH) Bjoern Waltersson to second
|
Pitching: RHP Steve Grier
|
|
Batting: RHB Ryuji Ito
|
0-0: Fly out, F9 (Flyball, 9S, EV 85.6 MPH)
|
Bottom of the 8th over - 0 runs, 1 hit, 0 errors, 1 left on base; Texas 11 - California 2 |
TOP OF THE 9TH |
Texas Rangers batting - Pitching for California Angels : RHP Austin Maki
|
Pitching: LHP Matt Huston
|
|
Now in CF: Bjoern Waltersson
|
|
Batting: LHB Andy Bowman
|
0-0: Foul Ball, location: 2F 0-1: Ground out 4-3 (Groundball, 4M, EV 108.1 MPH)
|
Batting: SHB Addick de Vries
|
0-0: Called Strike 0-1: Fly out, F8 (Flyball, 78M, EV 89.4 MPH)
|
Pinch Hitting: RHB Reilly Hawkins
|
0-0: Ball 1-0: Called Strike 1-1: Fly out, F8 (Flyball, 8RM, EV 90.6 MPH)
|
Top of the 9th over - 0 runs, 0 hits, 0 errors, 0 left on base; Texas 11 - California 2 |
BOTTOM OF THE 9TH |
California Angels batting - Pitching for Texas Rangers : RHP Steve Grier
|
Pitching: RHP Takehide Tanaka
|
|
Now at 2B: Reilly Hawkins
|
|
Now at SS: Sean Neuroth
|
|
Batting: RHB Brandon Davis
|
0-0: Ball 1-0: Ball 2-0: Called Strike 2-1: Foul Ball, location: 2F 2-2: Foul Ball, location: 2F 2-2: Ball 3-2: Fly out, F7 (Flyball, 78M, EV 78.1 MPH)
|
Batting: RHB Jose Ramirez
|
0-0: Ball 1-0: Fly out, F8 (Flyball, 78S, EV 93.8 MPH)
|
Batting: RHB Kinya Nishimura
|
0-0: Called Strike 0-1: Ball 1-1: Ball 2-1: Ball 3-1: Foul Ball, location: 2F 3-2: Strikes out looking
|
Bottom of the 9th over - 0 runs, 0 hits, 0 errors, 0 left on base; Texas 11 - California 2 |
|